 Dungeon Sprint DCSS version 0.17-a0-1719-g1afd5a1 (webtiles) character file.

302 Kidiri the Covert (level 6, -12/28 HPs)
             Began as a Spriggan Enchanter on Aug 27, 2015.
             Was an Initiate of Dithmenos.
             Mangled by a spatial vortex (25 damage)
             ... in the Dungeon (Sprint III: "The Ten Rune Challenge").
             The game lasted 00:03:08 (253 turns).

Kidiri the Covert (Spriggan Enchanter)               Turns: 253, Time: 00:03:08

Health: -12/28     AC:  8    Str:  4    XL:     6   Next: 14%
Magic:  0/17       EV: 24    Int: 17    God:    Dithmenos [......]
Gold:   16         SH:  0    Dex: 17    Spells: 5 memorised, 8 levels left

rFire  . . .     SeeInvis +     a - +1 dagger
rCold  . . .     Clarity  .     b - +1 robe
rNeg   . . .     SustAt   .     (shield restricted)
rPois  .         Gourm    .     (helmet restricted)
rElec  .         Spirit   .     (no cloak)
rCorr  .         Warding  .     (gloves unavailable)
rMut   .         NoTele   +     (boots unavailable)
MR     +....                    (no amulet)
Stlth  +++++.....               (no ring)
                                (no ring)

@: very quick, somewhat resistant to hostile enchantments, quite stealthy
A: unfitting armour, beak, molten scales 1, rough black scales 1, see invisible,
herbivore 3, speed 3, sense surroundings 1, slow metabolism 2
a: Renounce Religion


You were in the Dungeon.
You worshipped Dithmenos.
Dithmenos was noncommittal.
You were not hungry.

You visited 1 branch You collected 16 gold pieces.

Inventory:

Hand weapons
 a - a +1 dagger (weapon)
Armour
 b - a +1 robe (worn)
Scrolls
 j - a scroll of blinking
 l - a scroll of immolation
 n - 2 scrolls of remove curse
 q - a scroll of torment
Potions
 e - a potion of curing
 f - a potion of heal wounds
 g - a potion of haste
 h - 2 potions of magic
 i - a potion of berserk rage
 o - 3 potions of cure mutation
 p - a potion of flight
 s - a potion of invisibility
Comestibles
 d - a bread ration
 r - 2 royal jellies


   Skills:
 + Level 4.5 Short Blades
 * Level 9.0 Dodging
 * Level 10.2 Stealth
 * Level 7.6 Spellcasting
 + Level 2.3 Conjurations
 + Level 6.3 Hexes
 + Level 2.6 Ice Magic
 + Level 0.0 Invocations


You had 8 spell levels left.
You knew the following spells:

 Your Spells              Type           Power        Failure   Level  Hunger
a - Corona                Hex            ####...      1%          1    None
b - Ensorcelled Hibernat  Hex/Ice        ###...       2%          2    None
c - Confuse               Hex            ####....     2%          3    ##.....
d - Tukima's Dance        Hex            ####....     2%          3    ##.....
e - Dazzling Spray        Conj/Hex       ###.....     8%          3    ##.....


Dungeon Overview and Level Annotations

Branches:
Dungeon (1/1)

Altars:
Dithmenos
Gozag
Makhleb
Nemelex Xobeh
Qazlal
Ru
Xom
Jiyva
Lugonu


Innate Abilities, Weirdness & Mutations

You are tiny and cannot use many weapons and most armour.
You have supernaturally acute eyesight.
You are a herbivore.
You cover ground extremely quickly.
You need consume almost no food.
You have a beak for a mouth.
You are partially covered in molten scales (AC +1).
You are partially covered in rough black scales (AC +4, Dex -1).
You passively map a small area around you.


Message History

Aiming: Dazzling Spray
Press: ? - help, Shift-Dir - straight line, f/p - spatial vortex
Aim: a spatial vortex (severely damaged)
The spray of energy hits the spatial vortex.
The spatial vortex is almost destroyed.
There is a viscous altar of Jiyva here.
You hit the spatial vortex. You peck the spatial vortex.
The spatial vortex is almost destroyed.
There is a sacrificial altar of Ru here.
You hit the spatial vortex.
The spatial vortex is almost destroyed.
Casting: Dazzling Spray
Confirm with . or Enter, or press ? or * to list all spells.
Aiming: Dazzling Spray
Press: ? - help, Shift-Dir - straight line, f/p - spatial vortex
Aim: a spatial vortex (almost destroyed)
The spray of energy misses the spatial vortex.
The spatial vortex hits you!!
Ouch! That really hurt!
You die...

....#.:#..# ,, *, * , ,
#..%#..#..###+#+###+##
,
##..##+#..#..........#
,
##..###...'.⌠........#,
*
#..####...#...######'#
* ,,
#..###....#.⌠.#__#...#
* *
...##.....#...#__#...#,
,,
...#......#+###__#...#*
* .##.#.....#,
,#_@#...+ * .#####....#
_ #_.v...# , ▓▓ ▓▓▓▓▓▓
* ▓▓▓▓▓▓▓▓ ** ≈ ≈ * ≈
≈, ,,, , * ≈ ≈≈ ≈ ≈ + ,
, , * * ≈ * * ≈ *


You could see a spatial vortex.

Vanquished Creatures
  A shadow (D)
  A water elemental (D)
  A jelly (D)
  A wolf (D)
  A human (D)
  An ooze (D)
  3 rats (D)
9 creatures vanquished.

Vanquished Creatures (others)
  2 draconian scorchers (D)
  2 yaktaurs (D)
  2 plants (D)
6 creatures vanquished.

Grand Total: 15 creatures vanquished

Notes
Turn   | Place    | Note
--------------------------------------------------------------
     0 | D        | Kidiri the Spriggan Enchanter began the quest for the Orb.
     0 | D        | Reached XP level 1. HP: 9/9 MP: 5/5
    11 | D        | Reached skill level 5 in Stealth
    53 | D        | Noticed a wolf
    56 | D        | Killed a wolf
    56 | D        | Reached skill level 5 in Dodging
    56 | D        | Reached skill level 6 in Stealth
    56 | D        | Reached XP level 2. HP: 13/13 MP: 5/8
    56 | D        | Reached XP level 3. HP: 16/16 MP: 6/10
    64 | D        | Learned a level 2 spell: Ensorcelled Hibernation
    73 | D        | Learned a level 3 spell: Confuse
    77 | D        | Learned a level 3 spell: Tukima's Dance
    84 | D        | Reached skill level 7 in Stealth
    84 | D        | Reached skill level 5 in Spellcasting
   106 | D        | Gained mutation: You are partially covered in molten scales (AC +1). [potion of mutation]
   106 | D        | Gained mutation: Your system is resistant to poisons. [potion of mutation]
   106 | D        | Lost mutation: Your system is resistant to poisons. [potion of mutation]
   107 | D        | Gained mutation: You have a beak for a mouth. [potion of mutation]
   107 | D        | Gained mutation: You passively map a small area around you. [potion of mutation]
   107 | D        | Gained mutation: You are partially covered in rough black scales (AC +4, Dex -1). [potion of mutation]
   118 | D        | Killed a yaktaur
   171 | D        | Learned a level 3 spell: Dazzling Spray
   179 | D        | Noticed a water elemental
   181 | D        | Killed a water elemental
   181 | D        | Reached skill level 8 in Stealth
   181 | D        | Reached skill level 1 in Conjurations
   181 | D        | Reached skill level 5 in Hexes
   181 | D        | Reached skill level 1 in Ice Magic
   181 | D        | Reached XP level 4. HP: 21/21 MP: 10/12
   200 | D        | Noticed a jelly
   200 | D        | Killed a white draconian scorcher
   201 | D        | Noticed a shadow
   203 | D        | Killed a shadow
   203 | D        | Reached skill level 10 in Stealth
   203 | D        | Reached XP level 5. HP: 24/24 MP: 12/15
   203 | D        | Reached XP level 6. HP: 28/28 MP: 13/17
   207 | D        | Killed a jelly
   207 | D        | Killed a yaktaur
   233 | D        | Found a stormy altar of Qazlal.
   234 | D        | Found a sacrificial altar of Ru.
   234 | D        | Found a burning altar of Makhleb.
   234 | D        | Found a viscous altar of Jiyva.
   234 | D        | Found a shimmering altar of Xom.
   234 | D        | Found a shadowy altar of Dithmenos.
   234 | D        | Found a sparkling altar of Nemelex Xobeh.
   234 | D        | Found a corrupted altar of Lugonu.
   234 | D        | Found an opulent altar of Gozag.
   234 | D        | Noticed a spatial vortex
   242 | D        | Became a worshipper of Dithmenos the Shadowed
   248 | D        | Killed a white draconian scorcher
   253 | D        | Mangled by a spatial vortex

Vault maps used:
D:        dungeon_sprint_mu

Action                   |  1- 3 |  4- 6 || total
-------------------------+-------+-------++-------
Melee: Dagger            |     8 |     5 ||    13
 Cast: Confuse           |     1 |       ||     1
       Ensorcelled Hiber |     1 |       ||     1
       Dazzling Spray    |       |     6 ||     6
  Use: Scroll            |     5 |       ||     5
       Potion            |     2 |       ||     2
 Stab: Sleeping          |     7 |     2 ||     9
       Confused          |     1 |       ||     1
